 Dungeon Sprint DCSS version 0.21.2 (webtiles) character file.

33 sanboga the Cleaver (level 7, -5/51 HPs)
             Began as a Gargoyle Monk on Oct 3, 2018.
             Was an Elder of Trog.
             Splashed by a jelly's acid (7 damage)
             ... in the Dungeon (Sprint VI: "Thunderdome").
             The game lasted 00:03:29 (511 turns).

sanboga the Cleaver (Gargoyle Monk)                  Turns: 511, Time: 00:03:29

Health: -5/51      AC: -8    Str: 16    XL:     7   Next: 46%
Magic:  7/7        EV: 12    Int: 11    God:    Trog [****..]
Gold:   250        SH:  0    Dex: 12    Spells: 6/6 levels left

rFire    . . .     SeeInvis .   a - +0 hand axe
rCold    . . .     Gourm    .   (no shield)
rNeg     + . .     Faith    .   b - +0 robe
rPois    ∞         Spirit   .   (no helmet)
rElec    +         Reflect  .   (no cloak)
rCorr    .         Harm     .   (no gloves)
MR       .....     NoTele   +   (no boots)
Stlth    ++........             (no amulet)
HPRegen  0.17/turn              (no ring)
MPRegen  0.10/turn              (no ring)

@: corroded
A: negative energy resistance 1, electricity resistance, unbreathing,
petrification resistance, rot immunity, AC +4
a: Berserk, Trog's Hand, Brothers in Arms, Burn Spellbooks, Renounce Religion


You were in the Dungeon.
You worshipped Trog.
Trog was greatly pleased with you.
You were not hungry.

You visited 1 branch You collected 250 gold pieces.

Inventory:

Hand Weapons
 a - a +0 hand axe (weapon)
Armour
 b - a +0 robe (worn)
Wands
 k - a wand of acid (3)
 l - a wand of iceblast (4)
Scrolls
 i - 4 scrolls of blinking
 m - 3 scrolls of fog
Potions
 d - a potion of curing
 e - 2 potions of heal wounds
 f - 4 potions of haste
 g - 2 potions of magic
 h - a potion of berserk rage
 j - a potion of resistance
Comestibles
 c - a ration


   Skills:
 + Level 9.2 Fighting
 * Level 10.5 Axes
 + Level 8.5 Armour
 - Level 2.4 Dodging
 - Level 2.1 Stealth


You had 6 spell levels left.
You didn't know any spells.

Dungeon Overview and Level Annotations

Branches:
Dungeon (1/1)

Altars:
Cheibriados
Gozag
Kikubaaqudgha
Makhleb
Okawaru
Sif Muna
Trog
Uskayaw
Vehumet
Yredelemnul
Zin
Jiyva
Lugonu

Shops:
D *[%???:(


Innate Abilities, Weirdness & Mutations

You are resistant to torment.
Your stone body is resilient. (AC +4)
You are immune to poison.
You resist negative energy. (rN+)
You are resistant to electric shocks. (rElec)
You can survive without breathing.
You are immune to petrification.
You are immune to rotting.


Message History

You feel much better. The jelly hits you.
You are splashed with acid!
The acid burns!
You hit the jelly but do no damage.
Your hands burn!
The jelly is severely wounded.
You hit the jelly but do no damage.
Your hands burn!
The jelly is severely wounded.
The jelly barely misses you.
You barely miss the jelly.
The jelly is severely wounded.
The jelly hits you.
* * * LOW HITPOINT WARNING * * *
The acid corrodes you!
You are splashed with acid!
The acid burns!
* * * LOW HITPOINT WARNING * * *
You hit the jelly but do no damage.
Your hands burn!
* * * LOW HITPOINT WARNING * * *
The jelly is severely wounded.
The jelly hits you.
* * * LOW HITPOINT WARNING * * *
You are splashed with acid!
The acid burns!
You die...

######.8.........
##∩___......###...
###∩........8.# #.8.
##.............###...
#⌠..........###...###
#⌠....)[....# #.<.#
#⌠...)).....###...#
##..((.........###...
###@J.......8.# .8.
##∩___......# ...
######.8..... ...
#§..........
###.........
#_....... #_.......


You could see a jelly.

Vanquished Creatures
  Pikel (D)
  A floating eye (D)
  2 jellies (D)
  An adder (D)
  A ball python (D)
  A goblin (D)
  2 hobgoblins (D)
  A frilled lizard (D)
  2 kobolds (D)
  A rat (D)
13 creatures vanquished.

Notes
Turn   | Place    | Note
-------+----------+-------------------------------------------
     0 | D        | sanboga the Gargoyle Monk began the quest for the Orb.
     0 | D        | Reached XP level 1. HP: 14/14 MP: 1/1
     3 | D        | Found a snail-covered altar of Cheibriados.
     3 | D        | Found a radiant altar of Vehumet.
     4 | D        | Found a viscous altar of Jiyva.
     4 | D        | Found a burning altar of Makhleb.
     5 | D        | Found a hide-covered altar of Uskayaw.
     5 | D        | Found a deep blue altar of Sif Muna.
     5 | D        | Round 1.
     6 | D        | Found Zuomyclo's Identification Station.
     6 | D        | Found an iron altar of Okawaru.
     6 | D        | Found a corrupted altar of Lugonu.
     6 | D        | Found Kuschir's Delicious Food.
     7 | D        | Found Jiefuaw's Advanced Armour.
     7 | D        | Found Mecoxt's Jewellery.
    10 | D        | Found an opulent altar of Gozag.
    12 | D        | Found a bloodstained altar of Trog.
    12 | D        | Found a glowing silver altar of Zin.
    12 | D        | Found a basalt altar of Yredelemnul.
    12 | D        | Found Qokeg's Magic Scroll Shop.
    12 | D        | Found Fuel's Staff Store.
    13 | D        | Found Juggoen's Magic Scroll Shop.
    13 | D        | Found Esapoj Osooch's Must-Have Magic.
    16 | D        | Found an ancient bone altar of Kikubaaqudgha.
    22 | D        | Became a worshipper of Trog the Wrathful
    22 | D        | Reached * piety under Trog
    22 | D        | Reached ** piety under Trog
    52 | D        | Reached skill level 3 in Axes
    52 | D        | Reached skill level 1 in Armour
    54 | D        | Reached XP level 2. HP: 11/20 MP: 2/2
   175 | D        | Reached skill level 4 in Axes
   187 | D        | Arena points: 5 (+5) [x1]
   202 | D        | Round 2.
   244 | D        | Noticed Pikel
   248 | D        | Killed Pikel
   248 | D        | Reached *** piety under Trog
   248 | D        | Reached skill level 9 in Axes
   248 | D        | Reached XP level 3. HP: 30/30 MP: 3/3
   248 | D        | Reached XP level 4. HP: 36/36 MP: 4/4
   248 | D        | Reached XP level 5. HP: 40/40 MP: 5/5
   248 | D        | Reached XP level 6. HP: 45/45 MP: 6/6
   248 | D        | Reached XP level 7. HP: 50/50 MP: 7/7
   392 | D        | Reached **** piety under Trog
   392 | D        | Arena points: 33 (+28) [x2]
   412 | D        | Round 3.
   418 | D        | Reached skill level 10 in Axes
   511 | D        | HP: 2/51 [jelly (2)]
   511 | D        | Splashed by a jelly's acid

Skill      XL: |  1  2  3  4  5  6  7 |
---------------+----------------------+-----
Axes           | 3 9 10 | 10.5
Armour         | 2 7 8 |  8.5
Fighting       | 4 8 9 |  9.2
Dodging        | |  2.4
Stealth        | |  2.1

Action                   |  1- 3 |  4- 6 |  7- 9 || total
-------------------------+-------+-------+-------++-------
Melee: Hand axe          |    17 |       |    34 ||    51
Invok: Berserk           |       |       |     1 ||     1
Evoke: Wand              |     2 |       |     1 ||     3
  Use: Potion            |       |       |     2 ||     2
Armor: Robe              |    11 |       |     5 ||    16
Dodge: Dodged            |    11 |       |    14 ||    25
